Map: Ruines d’Endion

Players

komektomek

  • Race: Terran Terran
  • League: Silver
  • Spawn Location: 7:00

zidar - Winner!

  • Race: Zerg Zerg
  • League: Silver
  • Spawn Location: 5:00

VOD

Have the link to the VOD?

Description

Time

  • Played on: May 11, 2016, 12:29 p.m.
  • Length: 13:37
Show
View Real Time Build Order
Export as new Build Order

komektomek Terran 

Build Orders:  

Get SALT Encoding   

  12  0:01  SCV  
  13  0:20  Supply Depot  
  13  0:25  SCV  
  13  0:26  Refinery  
  14  0:37  SCV  
  15  0:44  Barracks  
  15  0:50  SCV  
  16  1:03  SCV  
  17  1:18  SCV  
  18  1:30  SCV  
  19  1:43  SCV  
  20  1:48  Command Center  
  20  1:50  Barracks Reactor  
  20  1:56  SCV  
  21  2:08  Orbital Command  
  21  2:29  Marine  
  22  2:30  Marine  
  23  2:43  Supply Depot  
  23  3:00  SCV, Orbital Command  
  24  3:06  Barracks  
  24  3:07  Barracks  
  24  3:11  Factory  
  23  3:13  SCV  
  24  3:25  SCV  
  25  3:31  Bunker  
  25  3:35  Refinery  
  25  3:36  Refinery  
  25  3:38  SCV  
  26  3:45  Marine x2  
  28  3:57  Armory, Barracks Tech Lab, Orbital Command  
  28  4:01  Hellion  
  30  4:06  Barracks Tech Lab  
  24  4:35  Hellion  
  23  4:53  SCV x2  
  25  5:11  Factory Tech Lab  
  27  5:14  Marauder  
  27  5:15  Marauder  
  27  5:16  Marine x2  
  27  5:20  SCV x2  
  33  5:32  SCV x2  
  35  5:42  Combat Shield  
  35  5:43  Starport  
  35  5:46  Stimpack  
  37  5:57  Widow Mine  
  37  5:59  Refinery  
  37  6:02  SCV  
  37  6:03  SCV  
  39  6:13  Marine x3  
  39  6:14  Marine, SCV  
  39  6:15  SCV  
  45  6:21  Infernal Pre-Igniter  
  45  6:24  Hellbat  
  46  6:27  SCV x2  
  44  6:34  Marine  
  45  6:49  Starport Reactor  
  45  7:02  Supply Depot  
  45  7:05  Supply Depot  
  45  7:06  Marine  
  46  7:13  Supply Depot  
  46  7:18  Marine  
  46  7:20  Marine  
  46  7:21  Marine  
  51  7:25  Widow Mine  
  51  7:32  Bunker  
  51  7:33  Liberator  
  51  7:37  SCV x2  
  51  7:40  Marine  
  54  7:49  SCV x2  
  59  7:57  Medivac  
  61  8:02  SCV  
  61  8:04  SCV  
  63  8:19  SCV x2  
  65  8:21  Marine x2  
  65  8:23  Marine x2  
  69  8:31  SCV  
  69  8:32  Concussive Shells, SCV, Engineering Bay  
  71  8:39  Marine x2  
  71  8:41  Marine  
  74  8:43  SCV  
  74  8:44  Siege Tank  
  78  8:58  SCV x2  
  78  8:59  Marine x2  
  78  9:00  Marine, Marauder  
  85  9:10  SCV  
  86  9:31  SCV, Medivac  
  86  9:44  Missile Turret  
  86  9:49  Missile Turret  
  86  9:51  Liberator  
  86  9:59  Supply Depot  
  86  10:00  Supply Depot x2  
  86  10:01  Starport  
  86  10:07  Supply Depot  
  86  10:08  Marine, Marauder, SCV x2  
  94  10:21  Marine x2, Viking, SCV  
  99  10:26  Marauder, Terran Vehicle Weapons Level 1  
  101  10:38  Marine  
  102  10:52  Supply Depot  
  102  10:53  Refinery  
  102  11:00  Viking  
  102  11:01  Viking  
  81  11:12  Marine x3  
  81  11:13  Marauder  
  81  11:15  Siege Tank  
  80  11:30  Marine x2  
  80  11:31  Marauder  
  63  11:44  SCV  
  63  11:45  SCV  
  65  11:50  Marine x2, Bunker  
  65  11:51  Marine  
  65  11:52  Marine, Siege Tank  
  72  11:54  Viking  
  72  11:56  SCV  
  72  11:57  SCV  
  76  12:08  Marine  
  76  12:09  Marauder, SCV  
  80  12:21  Command Center  
  80  12:30  Barracks  
  80  12:32  Barracks, SCV x2  
  80  12:33  Marine  
  80  12:34  Marine, Marauder  
  80  12:35  Marauder, Siege Tank  
  91  12:44  SCV x2  
  89  12:52  Engineering Bay  
  89  12:56  SCV  
  29  13:16  Marine  
  29  13:17  Marine  
Show
View Real Time Build Order
Export as new Build Order

zidar Zerg - Winner!

Build Orders: Hatch First 

Get SALT Encoding   

  12  0:02  Drone  
  13  0:09  Drone  
  14  0:29  Overlord  
  14  0:37  Extractor x2, Drone  
  14  0:38  Drone  
  16  0:57  Drone  
  16  0:59  Hatchery  
  16  1:04  Overlord  
  16  1:07  Drone  
  17  1:33  Spawning Pool  
  17  1:34  Drone  
  17  1:36  Drone x2  
  19  1:44  Extractor  
  19  1:46  Evolution Chamber  
  17  1:53  Drone  
  18  2:02  Drone  
  19  2:21  Queen x2  
  23  2:23  Drone x4  
  27  2:42  Zergling x6  
  30  3:11  Zergling x8  
  30  3:12  Zergling x2  
  35  3:21  Drone  
  35  3:25  Metabolic Boost  
  36  3:30  Lair  
  36  3:49  Overlord x3  
  36  3:50  Overlord  
  29  5:05  Roach Warren  
  27  5:08  Drone x10  
  37  5:16  Pneumatized Carapace  
  37  5:23  Spire  
  36  5:36  Zergling x16  
  44  5:47  Extractor  
  44  5:49  Roach x3  
  49  5:58  Roach  
  51  6:13  Drone x8  
  59  6:37  Roach x4  
  64  7:00  Roach x2  
  64  7:01  Roach, Zergling x2  
  68  7:40  Extractor  
  68  7:43  Hatchery  
  66  7:45  Extractor  
  65  7:55  Infestation Pit  
  64  7:58  Hatchery  
  64  8:00  Evolution Chamber  
  64  8:02  Zerg Ground Armor Level 1  
  64  8:03  Hatchery  
  61  8:31  Corruptor x2  
  61  8:32  Corruptor  
  67  8:39  Overlord x9  
  67  8:47  Zerg Melee Weapons Level 1  
  67  8:54  Zerg Flyer Armor Level 1  
  67  8:58  Glial Reconstitution  
  67  9:04  Roach x6  
  79  9:14  Queen  
  79  9:40  Roach  
  79  9:41  Roach x15  
  111  10:10  Ravager  
  111  10:11  Ravager x3  
  115  10:14  Ravager  
  115  10:19  Drone x14  
  130  10:46  Corruptor x3  
  58  11:45  Roach x16  
  58  11:46  Roach x12  
  112  11:57  Zergling x12  
  112  11:58  Zergling x12  
  124  12:24  Ravager x4  
  124  12:28  Ravager x2  
  130  12:34  Zergling x34  
Tags
 
Add a new tag
Caveats
  • Supply blocks, unpowered buildings, or Contaminate may cause inaccurate times.
  • Supply counts are checked every 10 seconds.